Map: Darkness Sanctuary LE

Players

Test

  • Race: Terran Terran
  • League: Silver
  • Spawn Location: 5:00

terranlegacy - Winner!

  • Race: Terran Terran
  • League: Platinum
  • Spawn Location: 1:00

VOD

Have the link to the VOD?

Description

Time

  • Played on: May 15, 2018, 6:53 p.m.
  • Length: 22:52
Show
View Real Time Build Order
Export as new Build Order

Test Terran 

Build Orders:  

Get SALT Encoding   

  12  0:00  SCV  
  13  0:12  SCV  
  14  0:21  Supply Depot  
  14  0:24  SCV  
  15  0:31  Refinery  
  15  0:43  SCV  
  15  0:48  Barracks  
  16  1:04  SCV, Barracks  
  17  1:19  Barracks  
  17  1:30  SCV  
  18  1:34  Barracks Tech Lab  
  18  1:48  Barracks  
  18  1:50  SCV  
  19  1:55  Barracks Reactor  
  19  2:00  Marine  
  20  2:04  SCV  
  20  2:07  Barracks Reactor  
  21  2:16  SCV  
  21  2:22  Marine  
  22  2:29  Supply Depot  
  23  2:36  Barracks Reactor  
  23  2:45  Orbital Command  
  23  2:50  Marine x3  
  26  2:52  Marine  
  26  2:56  Marine  
  28  3:03  Supply Depot  
  28  3:11  Stimpack  
  28  3:14  Marine  
  28  3:16  Marine  
  30  3:21  Marine  
  30  3:25  Marine  
  32  3:30  Marine x2  
  34  3:37  Supply Depot  
  34  3:39  Marine  
  35  3:56  Marine  
  35  3:57  Marine x3  
  35  3:59  Marine x2  
  41  4:10  Marine  
  41  4:14  Marine x3  
  45  4:19  Refinery  
  45  4:23  Supply Depot  
  45  4:26  Marine  
  45  4:29  Marine  
  47  4:40  Supply Depot  
  47  4:44  Marine x2  
  49  4:57  Marine, Engineering Bay  
  50  5:04  Marine x2  
  52  5:08  Marine  
  52  5:09  Marine  
  54  5:15  Marine  
  32  5:31  Marine x3  
  32  5:32  Marine x2  
  34  5:51  Command Center  
  34  5:57  Marine x3  
  37  6:07  Factory  
  37  6:14  Factory  
  37  6:16  Missile Turret  
  37  6:29  Marine  
  37  6:30  Marine x2  
  40  6:32  Missile Turret  
  40  6:35  Marine  
  40  6:36  Marine x2  
  43  7:10  SCV x2  
  43  7:15  Refinery  
  45  7:17  Refinery  
  45  7:20  Barracks Tech Lab  
  45  7:22  SCV x2  
  46  7:25  Factory Tech Lab  
  46  7:26  Barracks Reactor  
  46  7:28  Barracks Reactor  
  47  7:34  SCV  
  47  7:35  SCV  
  47  7:36  Starport  
  52  7:46  SCV  
  52  7:47  SCV  
  52  7:50  Marine x3  
  57  7:53  Siege Tank  
  57  7:58  SCV  
  57  7:59  SCV  
  57  8:03  Siege Tank  
  62  8:10  SCV  
  63  8:15  Starport  
  63  8:20  Starport Reactor  
  63  8:21  Medivac  
  63  8:23  SCV  
  63  8:24  Orbital Command  
  66  8:40  Command Center  
  66  8:43  Siege Tank  
  69  8:57  Siege Tank  
  69  8:59  SCV  
  69  9:01  SCV  
  74  9:05  Starport Reactor  
  74  9:11  SCV  
  74  9:13  SCV  
  76  9:21  Armory  
  76  9:42  Starport Reactor  
  76  9:43  Viking  
  78  9:51  Marine x5, Viking  
  85  9:53  SCV  
  84  10:05  SCV  
  85  10:08  Orbital Command  
  85  10:13  SCV  
  85  10:15  Sensor Tower, Refinery  
  85  10:16  Viking  
  85  10:17  SCV  
  88  10:21  Viking  
  88  10:25  SCV  
  91  10:29  SCV  
  91  10:32  Supply Depot, Terran Vehicle Weapons Level 1  
  91  10:33  Terran Infantry Weapons Level 1  
  91  10:34  Marine, Refinery  
  91  10:35  Supply Depot  
  93  10:45  Missile Turret  
  93  10:48  Marine x4  
  93  10:49  SCV, Siege Tank  
  101  10:53  Marine x3  
  101  10:54  SCV  
  105  10:58  SCV  
  105  11:01  SCV  
  107  11:06  Marine x4  
  107  11:10  SCV  
  112  11:14  Viking x2  
  116  11:22  SCV  
  117  11:34  Supply Depot  
  117  11:35  Supply Depot  
  117  11:40  SCV x3  
  117  11:41  Liberator x3  
  117  11:42  Liberator  
  120  11:52  SCV x2  
  122  11:57  Supply Depot  
  134  12:02  Supply Depot  
  134  12:03  SCV  
  135  12:15  SCV  
  136  12:16  Sensor Tower  
  136  12:17  Command Center  
  136  12:24  Liberator  
  136  12:27  SCV, Liberator x3  
  131  13:04  Starport  
  131  13:06  Liberator  
  102  13:17  Marine x5  
  102  13:18  Siege Tank x2  
  84  13:20  Command Center  
  87  13:34  Marine x4  
  88  13:35  Marine x3  
  88  13:40  Starport  
  88  13:41  SCV  
  95  13:46  Refinery  
  95  13:50  Siege Tank x2  
  95  13:51  Marine  
  95  13:52  Marine x4  
  95  13:53  Marine x2, SCV  
  109  14:04  Liberator  
  109  14:05  SCV, Liberator x2  
  109  14:09  Marine x2, Command Center  
  111  14:10  Marine  
  111  14:12  Factory  
  111  14:14  Refinery  
  111  14:15  Starport Tech Lab  
  113  14:17  SCV, Starport Reactor  
  123  14:29  SCV  
  124  14:41  SCV, Siege Tank x2  
  124  14:42  Marine x2  
  133  14:51  Terran Vehicle Weapons Level 2  
  133  14:52  Liberator  
  133  14:54  Orbital Command  
  133  14:56  Factory  
  133  14:57  Orbital Command  
  133  15:06  Refinery  
  136  15:24  Viking x5  
  136  15:27  Viking  
  148  15:32  Refinery  
  148  15:41  Orbital Command  
  148  15:45  SCV  
  148  15:48  SCV  
  150  15:51  Factory Reactor x2  
  150  15:57  Banshee  
  150  15:58  SCV  
  150  16:01  SCV  
  150  16:02  Terran Infantry Weapons Level 2  
  155  16:10  SCV  
  156  16:13  SCV  
  156  16:14  Starport  
  156  16:15  Starport  
  157  16:22  SCV  
  158  16:35  SCV  
  159  16:40  SCV  
  159  16:42  Refinery  
  159  16:43  SCV  
  161  16:47  SCV  
  161  16:52  SCV  
  163  16:55  SCV  
  163  16:59  SCV, Thor x2  
  177  17:04  SCV  
  177  17:07  SCV  
  177  17:08  Refinery  
  179  17:11  SCV  
  180  17:16  SCV  
  180  17:20  SCV  
  178  17:23  SCV  
  178  17:26  Marine x4  
  137  17:32  SCV  
  137  17:34  Marine x3  
  132  17:42  Thor x2  
  132  17:44  Marine x4  
  140  17:52  Marine x3  
  141  17:59  Liberator x3  
  141  18:00  Liberator  
  141  18:01  Marine  
  141  18:02  Marine x3  
  141  18:05  SCV  
  139  18:10  Marine x3  
  142  18:17  SCV  
  142  18:19  Marine x2  
  156  18:20  Marine x2  
  156  18:24  Thor x2  
  171  18:28  Marine  
  171  18:29  SCV  
  171  18:32  Liberator x3  
  166  18:59  Medivac x2  
  170  19:04  SCV  
  170  19:06  SCV  
  170  19:07  Thor  
  170  19:09  SCV  
  179  19:22  SCV x3, Liberator  
  175  19:25  Thor  
  175  19:30  Liberator  
  169  19:34  SCV x2  
  169  19:36  Marine  
  169  19:37  Marine x3  
  174  19:45  Liberator x3  
  177  19:46  SCV x2, Liberator  
  177  19:50  Liberator  
  177  19:51  Marine  
  179  19:59  Marine  
  179  20:05  Terran Vehicle Weapons Level 3  
  179  20:11  Thor  
  177  20:25  Thor  
  160  20:37  Liberator  
  160  20:42  Marine x2  
  117  20:50  Liberator  
  117  20:54  Hellbat  
  124  21:15  Liberator  
  124  21:16  Hellbat  
  124  21:18  Thor  
  114  21:22  Liberator  
  103  21:29  Marine x4  
  97  21:37  Thor  
  95  21:46  Marine x2, Marauder  
  98  21:47  Marine x2  
  98  21:53  Viking  
  101  21:59  Viking  
  100  22:03  Viking  
  100  22:05  Viking  
Show
View Real Time Build Order
Export as new Build Order

terranlegacy Terran - Winner!

Build Orders: MMM Bio 

Get SALT Encoding   

  12  0:01  SCV  
  13  0:14  Supply Depot  
  13  0:16  SCV  
  14  0:30  SCV  
  15  0:38  Barracks  
  15  0:42  SCV  
  16  0:54  SCV  
  16  0:56  Barracks  
  17  1:03  Refinery  
  17  1:07  SCV  
  18  1:19  SCV  
  19  1:27  Marine  
  19  1:28  Supply Depot  
  19  1:31  SCV  
  21  1:43  Orbital Command  
  21  1:50  Supply Depot  
  21  1:51  Marine x2  
  23  2:09  Marine x2  
  23  2:14  Factory  
  25  2:17  SCV  
  26  2:27  Marine, Barracks Tech Lab  
  26  2:29  SCV  
  28  2:45  Marine  
  28  2:48  Concussive Shells  
  28  2:50  Marine  
  30  2:53  SCV  
  30  2:57  Factory Tech Lab  
  31  3:04  Barracks Reactor, Supply Depot  
  31  3:05  SCV  
  31  3:07  Marine, Refinery  
  31  3:11  Engineering Bay  
  33  3:18  SCV  
  34  3:25  Marine  
  35  3:36  SCV  
  35  3:43  Marine  
  35  3:47  Siege Tank  
  35  3:48  Marine x2  
  41  3:56  Command Center  
  41  4:00  Barracks  
  41  4:01  Marine  
  42  4:05  Supply Depot  
  42  4:06  Marine x2  
  42  4:07  Supply Depot  
  44  4:11  Combat Shields  
  44  4:19  Marine  
  44  4:23  SCV  
  46  4:32  Marine x2  
  46  4:35  SCV  
  49  4:42  Starport  
  49  4:47  Marine, SCV  
  49  4:49  Barracks Reactor  
  51  4:55  Missile Turret  
  51  4:59  SCV  
  52  5:09  Marine  
  52  5:10  Marine  
  52  5:13  Orbital Command  
  54  5:15  SCV  
  54  5:17  Refinery  
  48  5:25  Marine  
  48  5:27  SCV  
  45  5:32  Marine, Siege Tank  
  45  5:33  Marine  
  50  5:41  Marine, Stimpack  
  50  5:42  SCV  
  52  5:45  Medivac  
  54  5:51  Supply Depot  
  54  5:52  SCV  
  55  5:57  SCV  
  55  5:58  Marauder  
  55  5:59  Marine  
  59  6:07  SCV  
  60  6:11  Supply Depot  
  60  6:14  SCV  
  60  6:17  Starport Reactor  
  61  6:19  SCV  
  61  6:21  Supply Depot  
  61  6:23  Refinery  
  61  6:24  Marine  
  63  6:26  SCV, Marine, Marauder  
  63  6:31  Marine, SCV  
  69  6:36  Marine  
  70  6:44  Marine  
  70  6:45  Marine  
  72  6:47  Marauder  
  72  6:50  Supply Depot  
  72  6:53  Terran Infantry Weapons Level 1  
  74  6:54  SCV x2, Missile Turret  
  74  6:59  Supply Depot  
  76  7:02  Supply Depot  
  76  7:06  SCV, Supply Depot  
  77  7:09  Marauder  
  77  7:12  Siege Tank  
  77  7:15  Viking  
  84  7:19  SCV, Supply Depot  
  84  7:20  SCV  
  86  7:24  Supply Depot  
  86  7:28  Supply Depot  
  86  7:46  Siege Tank  
  89  7:54  Barracks  
  89  7:58  Command Center  
  89  8:08  Medivac  
  91  8:18  Siege Tank  
  94  8:22  Medivac  
  96  8:32  SCV  
  97  8:37  SCV  
  97  8:38  Viking  
  97  8:39  Marine x2  
  97  8:40  Marauder  
  104  8:44  SCV  
  104  8:46  Barracks Reactor  
  104  8:47  Command Center, Terran Infantry Armor Level 1  
  105  8:50  SCV  
  105  8:52  Viking  
  108  8:56  SCV  
  108  9:01  Marauder  
  108  9:02  Siege Tank  
  114  9:10  Orbital Command  
  114  9:12  Medivac  
  116  9:17  SCV  
  116  9:19  SCV  
  116  9:20  Sensor Tower  
  116  9:22  Marauder  
  120  9:29  SCV  
  121  9:31  SCV, Medivac  
  121  9:34  Siege Tank  
  127  9:41  SCV  
  127  9:42  Medivac  
  130  10:05  Marine, Marauder, Viking  
  125  10:09  SCV, Marine  
  125  10:10  Marine x3, Barracks  
  125  10:11  Marine  
  125  10:12  Viking  
  133  10:15  Refinery  
  133  10:17  Refinery  
  133  10:21  Refinery  
  133  10:23  Marine, Orbital Command  
  133  10:25  SCV x2  
  133  10:27  Marine, Marauder  
  139  10:31  SCV, Factory  
  140  10:35  Medivac  
  140  10:37  SCV x2  
  140  10:42  Medivac  
  146  10:43  Marine, SCV  
  146  10:48  Marauder  
  146  10:49  SCV x3  
  153  10:52  Supply Depot  
  153  10:55  Supply Depot  
  153  10:57  SCV, Supply Depot  
  153  11:01  SCV  
  153  11:02  Barracks Reactor  
  155  11:07  Medivac  
  155  11:09  Marauder  
  159  11:12  Medivac  
  159  11:15  Starport  
  159  11:17  SCV  
  162  11:19  Missile Turret  
  162  11:28  Factory Tech Lab  
  162  11:29  SCV  
  163  11:34  Factory  
  163  11:35  Command Center  
  163  11:37  Viking  
  165  11:40  Siege Tank  
  165  11:41  SCV  
  165  11:46  Marine, Marauder  
  172  11:53  SCV, Siege Tank  
  176  11:56  Starport Tech Lab, Starport  
  176  11:58  Missile Turret  
  176  12:00  SCV x2  
  178  12:05  SCV  
  178  12:07  SCV  
  180  12:12  SCV  
  181  12:15  Supply Depot  
  181  12:17  SCV  
  182  12:27  Missile Turret  
  182  12:29  SCV  
  180  12:34  Viking x2  
  176  12:41  SCV  
  177  12:46  Siege Tank x2  
  183  12:54  SCV  
  183  12:57  Orbital Command  
  184  13:02  Marauder  
  173  13:32  Refinery x2  
  173  13:40  SCV  
  173  13:41  SCV  
  175  13:52  Refinery  
  175  13:54  Factory Tech Lab  
  175  13:55  Factory  
  175  14:02  Hi-Sec Auto Tracking  
  175  14:04  Armory  
  175  14:07  Marine  
  175  14:08  Marine x8, Engineering Bay  
  184  14:25  Marine x4  
  184  14:26  Marine x5  
  184  14:29  Viking x2  
  184  14:30  Viking  
  199  14:32  Command Center  
  199  14:35  Starport Tech Lab  
  199  14:41  Building Armor  
  199  14:43  Marine  
  199  14:44  Fusion Core  
  200  14:54  Terran Vehicle Weapons Level 1  
  200  14:58  Neosteel Frame  
  200  15:15  High Capacity Fuel Tanks  
  200  15:22  Factory Tech Lab  
  200  15:26  Missile Turret  
  200  15:33  Armory  
  200  15:48  Missile Turret  
  200  16:06  Liberator  
  200  16:12  Hyperflight Rotors  
  200  16:17  Terran Infantry Weapons Level 2  
  196  16:21  Terran Infantry Armor Level 2  
  196  16:22  Command Center  
  199  16:28  Marine  
  200  16:43  Planetary Fortress  
  200  16:44  Missile Turret  
  200  16:45  Sensor Tower  
  200  16:48  Terran Ship Weapons Level 1  
  200  17:04  Missile Turret  
  200  17:09  Command Center  
  198  17:23  Refinery  
  155  17:31  Marine x9, Command Center  
  155  17:34  Siege Tank x4  
  164  17:48  Marine  
  164  17:49  Marine x8  
  164  17:51  Viking x2  
  175  17:52  Battlecruiser x2  
  161  18:06  Marine, Siege Tank x4  
  161  18:07  Marine x8  
  176  18:21  Viking x2  
  176  18:24  Marine x2  
  176  18:25  Marine x6, Marauder  
  190  18:38  Siege Tank, Thor x2  
  200  18:42  Terran Vehicle And Ship Armor Level 1  
  200  18:46  Command Center  
  200  18:53  Planetary Fortress  
  200  18:57  Planetary Fortress, Refinery  
  200  18:59  Refinery  
  197  19:21  Siege Tank x2, Thor x2  
  189  19:26  Viking x4  
  189  19:27  Marine  
  189  19:29  Refinery  
  189  19:30  Marine  
  180  19:42  Weapon Refit  
  180  19:45  Marine  
  180  19:46  Marine x3, Marauder  
  180  19:47  Marine  
  180  19:48  Marine  
  188  19:53  Siege Tank x2  
  188  19:54  Marine x2  
  188  19:56  Viking x2  
  200  20:00  Orbital Command  
  200  20:05  Refinery  
  191  20:37  Marine  
  191  20:38  Marine  
  185  20:43  Marine x2, Marauder  
  187  21:04  Battlecruiser x2  
  187  21:05  Marauder  
  187  21:07  Marine x3  
  187  21:10  Marine  
  187  21:11  Marine x4  
  193  21:24  Marine  
  193  21:25  Marine x2  
  195  21:26  Marauder  
  192  21:47  Marauder  
  194  22:07  Refinery  
  200  22:24  Missile Turret  
  189  22:45  Refinery  
Tags
 
Add a new tag
Caveats
  • Supply blocks, unpowered buildings, or Contaminate may cause inaccurate times.
  • Supply counts are checked every 10 seconds.